Map: Old Republic LE

Players

micola

  • Race: Terran Terran
  • League: Silver
  • Spawn Location: 1:00

IIIIIIIIIIII - Winner!

  • Race: Protoss Protoss
  • League: Gold
  • Spawn Location: 7:00

VOD

Have the link to the VOD?

Description

Protoss pucked me in the ass(literally warped at my main)

Time

  • Played on: June 14, 2026, 11:49 a.m.
  • Length: 6:37
Show
View Real Time Build Order
Export as new Build Order

micola Terran 

Build Orders:  

Get SALT Encoding   

  12  0:02  SCV  
  13  0:14  SCV  
  14  0:18  Supply Depot  
  15  0:28  SCV  
  15  0:40  SCV  
  16  0:45  Barracks  
  16  0:52  SCV  
  16  0:56  Refinery  
  17  1:04  SCV  
  18  1:17  SCV  
  19  1:32  Orbital Command  
  19  1:37  Supply Depot  
  19  1:42  Barracks Reactor  
  19  1:59  SCV  
  20  2:11  Barracks  
  20  2:12  Command Center  
  20  2:16  SCV  
  20  2:22  Marine x2  
  23  2:23  Refinery  
  23  2:42  Marine x2  
  25  2:49  Supply Depot  
  25  2:51  Supply Depot  
  25  2:58  Barracks  
  25  3:01  Barracks Tech Lab  
  25  3:02  Marine x2  
  25  3:05  SCV  
  28  3:16  Supply Depot  
  28  3:17  Supply Depot, SCV  
  29  3:24  Marine  
  29  3:25  Marine  
  31  3:29  SCV  
  31  3:30  Stimpack  
  32  3:40  Orbital Command  
  32  3:43  SCV  
  32  3:46  Marine  
  34  3:49  Barracks Tech Lab  
  34  3:59  Bunker  
  34  4:00  SCV  
  35  4:02  Marine  
  35  4:05  Marine  
  35  4:09  Marauder  
  39  4:12  SCV  
  40  4:17  SCV  
  40  4:22  Marine x2, Marauder  
  45  4:27  SCV  
  45  4:29  Marine  
  47  4:38  SCV  
  47  4:40  Marine x2, Combat Shield  
  47  4:44  Marauder  
  52  4:48  Marauder  
  52  4:50  Factory  
  54  4:53  SCV x2  
  56  5:00  Marine x2  
  56  5:05  Marauder  
  60  5:07  SCV x2  
  60  5:09  Marauder  
  64  5:19  SCV x2  
  66  5:22  Marine x2  
  66  5:26  Marine  
  69  5:31  Marauder, SCV x2  
  60  5:43  SCV x2  
  60  5:47  Marine  
  60  5:49  Marine x2  
  46  5:56  Starport  
  42  5:57  Factory Reactor  
  42  5:59  Marauder  
  42  6:17  Marine x2  
Show
View Real Time Build Order
Export as new Build Order

IIIIIIIIIIII Protoss - Winner!

Build Orders: 1 Gate Expand 

Get SALT Encoding   

  12  0:00  Probe  
  13  0:12  Probe  
  14  0:17  Pylon  
  14  0:23  Probe  
  15  0:31  Probe  
  16  0:39  Probe, Gateway  
  16  0:46  Assimilator  
  17  0:51  Probe  
  18  1:03  Probe  
  19  1:15  Probe  
  20  1:24  Nexus  
  20  1:36  Cybernetics Core  
  20  1:37  Probe  
  21  1:42  Assimilator  
  21  1:54  Pylon  
  21  1:55  Probe  
  22  2:07  Probe  
  23  2:09  Stalker  
  23  2:13  Warp Gate  
  25  2:19  Probe  
  26  2:32  Twilight Council  
  26  2:33  Probe  
  27  2:37  Probe  
  27  2:40  Zealot  
  27  2:44  Charge  
  30  2:46  Probe  
  30  2:49  Probe  
  32  2:56  Robotics Facility  
  32  2:58  Probe  
  33  3:01  Probe  
  34  3:10  Probe  
  35  3:13  Probe  
  36  3:22  Gateway, Probe  
  36  3:25  Probe  
  38  3:29  Sentry  
  38  3:32  Pylon  
  40  3:34  Probe  
  40  3:37  Probe  
  42  3:44  Observer  
  42  3:46  Probe, Pylon  
  44  3:49  Probe  
  44  3:55  Gateway  
  45  3:59  Gateway  
  46  4:06  Warp Prism  
  46  4:08  Blink  
  47  4:14  Gateway  
  47  4:16  Gateway  
  47  4:19  Zealot  
  49  4:30  Gateway  
  49  4:33  Pylon  
  49  4:43  Zealot x2  
  53  4:50  Pylon  
  53  4:51  Pylon  
  53  4:52  Pylon  
  53  5:01  Gateway  
  53  5:03  Observer  
  53  5:06  Zealot x4  
  62  5:35  Zealot x3  
  64  5:36  Zealot x4  
  58  5:56  Zealot  
  58  5:57  Zealot x6  
  58  5:58  Zealot  
  72  6:24  Zealot x2  
  72  6:25  Zealot x3  
  78  6:30  Nexus  
  78  6:32  Pylon  
Tags
 
Add a new tag
Caveats
  • Supply blocks, unpowered buildings, or Contaminate may cause inaccurate times.
  • Supply counts are checked every 10 seconds.